[Event "SixDays Budapest GM-B May 2024"]
[Site "Budapest"]
[Date "2024.05.19"]
[Round "6.1"]
[White "Jinan Jomon"]
[Black "Palczert, Matyas"]
[Result "0-1"]
[ECO "A30"]
[WhiteElo "2380"]
[BlackElo "2333"]
[Annotator "RC"]
[PlyCount "66"]
[EventDate "2024.05.15"]
[EventType "tourn"]
[EventCountry "HUN"]
[SourceTitle "playchess.com"]
[Source "ChessBase"]
[SourceQuality "1"]
[TimeControl "40/5400+30:1800+30"]

1. c4 c5 2. Nf3 Nc6 3. e3 e5 4. Nc3 Nf6 5. d4 e4 6. d5 exf3 7. dxc6 bxc6 8. e4 Qc7 9. Qxf3 Bd6 10. g3 O-O 11. Bg2 Ba6 12. Qd3 Be5 13. O-O Rfe8 14. Re1 Rab8 15. Rb1 Rb4 16. b3 Bxc4 17. Qc2 Ba6 18. Ba3 Rbb8 19. Bxc5 d6 20. Ba3 Qa5 21. Bb2 d5 22. Red1 d4 23. Na4 d3 24. Qc5 Qc7 25. Bxe5 Rxe5 26. Qc3 Qd6 27. f3 Bb5 28. Bf1 Rd8 29. Rb2 Rxe4 30. Nc5 Re5 31. b4 Nd5 32. Qd2 Ne3 33. Re1 Nc4 0-1

[Event "SixDays Budapest GM-B May 2024"]
[Site "Budapest"]
[Date "2024.05.19"]
[Round "6.2"]
[White "Krishnan, Ritvik"]
[Black "Stefansson, Vignir Vatnar"]
[Result "0-1"]
[ECO "B28"]
[WhiteElo "2298"]
[BlackElo "2463"]
[Annotator "TA"]
[PlyCount "112"]
[EventDate "2024.05.15"]
[EventType "tourn"]
[EventCountry "HUN"]
[SourceTitle "playchess.com"]
[Source "ChessBase"]
[SourceQuality "1"]
[TimeControl "40/5400+30:1800+30"]

1. e4 c5 2. Nf3 a6 3. Nc3 b5 4. d4 cxd4 5. Nxd4 e6 6. Bd3 Qb6 7. Nf3 Nc6 8. O-O d6 9. Re1 Be7 (9... Nf6 $11) 10. a4 $14 {[%emt 0:02:03] White is slightly better.} b4 11. Ne2 Nf6 12. h3 O-O 13. Be3 Qc7 14. Ned4 Bb7 15. Nb3 a5 16. Nfd2 (16. Bd2 $11) 16... Nd7 (16... d5 $15) 17. Bb5 $11 Rfd8 18. Qe2 Bf6 19. Rab1 Na7 20. Nc4 Nxb5 (20... Bxe4 21. Bxd7 (21. Nbxa5 Bxc2 22. Rbc1 b3 $11) 21... Qxd7 22. Nb6 $14 (22. Nbxa5 Nc8 $11) (22. Bxa7 Qxa7 23. Nbxa5 Bd5 $19)) 21. axb5 a4 22. Nba5 d5 (22... Rxa5 $2 23. b6 Qc6 (23... Nxb6 $2 24. Bxb6 Qc6 25. Bxa5 $18) 24. Nxa5 Qxe4 25. Nxb7 Qxb7 26. Qb5 $18) (22... Bxe4 $5 23. b6 Qc8 $16) 23. b6 Qb8 $36 {[%emt 0:00:24][%mdl 2048] Black has the initiative.} 24. Nxb7 Qxb7 25. exd5 exd5 26. Nd6 Qc6 27. b7 Rab8 28. Bf4 Nf8 $1 29. Qd2 ({Better is} 29. c4 $15 Rxd6 (29... bxc3 30. bxc3 Ne6 31. Bg3 $11) 30. cxd5) 29... Ne6 30. Nxf7 Kxf7 31. Bxb8 Rxb8 32. Qxb4 Rxb7 33. Qg4 g6 34. c3 Nc5 35. Qe2 {[%emt 0:01:00] Wards off Nd3} Kg7 36. Red1 (36. Rbd1 $142) 36... Ne4 $19 37. Qe3 (37. g3 {is a better defense.}) 37... Re7 38. Qf3 Rf7 39. Qe3 Re7 {[%emt 0:00:55][%cal Re4c3] [#] White must now prevent ...Nxc3!} 40. Qf3 Bh4 41. g3 Bf6 42. h4 Be5 {[%emt 0:02:12] aiming for ...Rf7.} 43. Qe3 Nf6 {[%emt 0:01:33] White is weak on the light squares} (43... a3 $19 {Strongly threatening ...Bf6.} 44. h5 Bf6 (44... gxh5 $2 45. bxa3 h4 46. Rb6 $17) 45. h6+ Kf7 46. bxa3 Nxc3 (46... Qxc3 47. Rd3 $17)) 44. Rd3 $2 (44. Re1 $17) 44... Bd6 45. Qf3 Rf7 46. Qe2 Ne4 47. Rf1 Bc5 48. Kg2 Qc7 ({Less strong is} 48... Bxf2 49. Rf3 $17) (48... Rxf2+ $142 49. Rxf2 Bxf2) 49. f4 $2 (49. Rf3) 49... Nf6 (49... Re7 $142 {[%cal Oe4g3] Threatens to win with ...Nxg3!} 50. f5 Qb7) 50. Qf3 (50. f5) 50... Qb6 51. Rd2 h5 52. Ra1 $2 (52. Re1 {might work better.}) 52... Qb5 $2 (52... Re7 {Hoping for ...Re3.} 53. Rxa4 Re3) 53. Kh1 $2 (53. Re1) 53... Re7 {[%emt 0:00:29] [#] ...Re3 would now be deadly. Black is clearly winning.} 54. Rg2 (54. f5 $142) 54... Qc4 (54... Re3 $142 55. Qf1 Qe8) 55. Qd1 (55. Qf1 $142 Qe4 56. Qb1) 55... Ng4 56. Qd2 Qe4 {[%emt 0:00:09] Weighted Error Value: White=0.73/Black=0.58.  Loses game:     	White=1     	---        Mistake:       	White=10    	Black=7      Inaccurate:     	White=9     	Black=3      OK:         	White=13    	Black=20     Best:        	White=7     	Black=1      Strong:       	---       	Black=1} 0-1

[Event "SixDays Budapest GM-B May 2024"]
[Site "Budapest"]
[Date "2024.05.19"]
[Round "6.3"]
[White "Lamard, Guillaume"]
[Black "Kuru, Atilla"]
[Result "1-0"]
[ECO "A06"]
[WhiteElo "2504"]
[BlackElo "2313"]
[Annotator "TA"]
[PlyCount "141"]
[EventDate "2024.05.15"]
[EventType "tourn"]
[EventCountry "HUN"]
[SourceTitle "playchess.com"]
[Source "ChessBase"]
[SourceQuality "1"]
[TimeControl "40/5400+30:1800+30"]

1. Nf3 d5 2. g3 Nc6 3. d4 Bf5 4. Bg2 Nb4 5. Na3 e6 6. O-O Nf6 7. Ne5 Bd6 8. Bf4 O-O 9. c3 {[%emt 0:12:21][%cal Bc2c3,Bc3c4][%mdl 32] The position is equal.} Nc6 10. c4 Bxe5 11. dxe5 Ne4 12. f3 Nc5 13. g4 {[%emt 0:00:39] cxd5 would now be deadly.} Bg6 14. cxd5 exd5 15. Rc1 Qe7 16. Nb5 {[%emt 0:12:08] Threatens to win with Nc3.} Rad8 17. Bg3 h5 ({Better is} 17... d4 $11) 18. gxh5 (18. Qe1 $14 {is more appropriate.}) 18... Bxh5 $11 {[%emt 0:00:50][%cal Od5d4] [#]} 19. Nxc7 $1 Qxc7 (19... d4 $5) 20. Rxc5 Qb6 21. Bf2 Qxb2 22. Rxd5 Qxa2 23. Rd6 Qb2 24. f4 Bxe2 25. Qb1 Qa3 26. Re1 {[%emt 0:00:23] Hoping for Rxd8.} Ba6 $2 ({Black should try} 26... Qa6 $1 $14) 27. Re3 $1 $18 Qb4 {[%emt 0:01:40] [#]} 28. Rb3 Qxf4 {[%emt 0:00:23] [#]} 29. Rh3 $1 {[%emt 0:00:02][%csl Gh3][%cal Rb1h7] Active counter play!} Rfe8 30. Bc5 $2 {[%emt 0:07:58] This pair of bishops is nice.} (30. Qh7+ Kf8 31. Qh8+ Ke7 32. Qh4+ Qxh4 33. Bxh4+ f6 34. Bxc6 bxc6 $16) (30. Rd7 $18 {is the precise move to win.} Qxf2+ (30... Rxd7 31. Qh7+ Kf8 32. Bc5+) 31. Kxf2 Rxd7 32. Qh7+ Kf8 33. Qh8+ Ke7 34. Qh4+ (34. Qxg7 Kd8 $18) 34... Kf8 35. Bxc6 bxc6 36. Qa4 (36. Qh8+ Ke7 $18)) 30... Bd3 $16 31. Rhxd3 Qxe5 32. R3d5 $40 {[%emt 0:00:47][%cal Bd3d5,Bd5c5,Bc5c8,Bc8a8,Ba8a5,Ba5e5][%mdl 160] White is out for blood.} (32. Bxc6 $2 Qxc5+ 33. Kh1 Rxd6 $19) 32... Qc3 33. Rxd8 (33. Qxb7 $2 Rxd6 34. h3 Rxd5 $19) 33... Nxd8 34. Bf2 {[%emt 0:00:37] Wards off Re1+} (34. Bxa7 $2 Re1+ $19) 34... a5 (34... Ne6 $16 {was necessary.} 35. Rd3 (35. Bxa7 Nf4 $11) 35... Qa5) 35. Rc5 Qd2 36. Qc1 (36. Rh5 $18 {Intending Qh7+ and mate.} g6 37. Rh3) 36... Qb4 ({Black should play} 36... Qxc1+ 37. Rxc1 Nc6) 37. Rc8 Qg4 {[%emt 0:00:51] Repels Qg5} (37... Qa4 $16 {might work better.} 38. Qd2 Ne6 39. Rxe8+ (39. Bxb7 Rxc8 40. Bxc8 Qg4+ 41. Bg3 a4 $16) 39... Qxe8) 38. Ra8 $18 {[%emt 0:00:25][%cal Oc1d2] aiming for Qd2!} Qa4 39. Qd2 Ne6 40. Rxa5 Qg4 41. h3 Qg6 42. Kh2 Qf6 43. Bg3 {[%emt 0:00:27] Repels Nf4} (43. Bxb7 Rb8 44. Be4 g6 $18) 43... Nd4 44. Qf4 (44. Bxb7 $2 Re2+ $19) 44... Qb6 {[%emt 0:00:02][%cal Od4e2] ...Ne2! is the strong threat.} 45. Re5 Rd8 (45... Ne6 46. Qh4 Qd8 47. Bxb7 Qxh4 48. Bxh4 Kf8) 46. Re7 Qg6 47. Qc7 (47. Rxb7 Ne2 48. Qg4 Qxg4 49. hxg4 Nxg3 $16) 47... Ra8 48. Qxb7 Ra2 (48... Rf8 49. Re5 Qc2) 49. Re5 Rd2 $2 (49... Qc6 50. Qxc6 Nxc6) 50. Qa8+ $2 (50. Qd5 $18) 50... Kh7 $16 51. Qd5 f5 (51... Nf5 $16 {is a better defense.} 52. Qf3 (52. Qxd2 Qxg3+ 53. Kg1 Qxe5 $17) (52. Rxf5 Rxd5 53. Rxd5 f5 $16) 52... Nxg3) 52. Bf4 $2 (52. Re3 $18) 52... Rd3 $2 (52... Rf2 $11 53. Bg3 (53. Qxd4 $2 Qxg2#) (53. Bc1 Nf3+ 54. Qxf3 Rxf3 $14) 53... Nf3+ 54. Qxf3 Rxf3 55. Bxf3 Qf6) 53. Qa8 $2 (53. Be3) 53... Ne6 $2 (53... Qb6 54. Re3 Rxe3 55. Bxe3 Qd6+ 56. Kh1 Nc2) 54. Be3 $18 {[%emt 0:00:29] Strongly threatening Bd5.} Rc3 55. Qd5 Rc2 56. Rxe6 Rxg2+ 57. Qxg2 $2 (57. Kh1 $1 {mates} Qxe6 58. Qxe6 Rb2 59. Qxf5+ Kg8 60. Bd4 Rd2 61. Qc8+ Kh7 62. Qg4 (62. Qf5+ Kg8 63. Qc8+ Kh7 64. Qg4 Rxd4 65. Qxd4 Kh8 66. Qf4 Kg8)) 57... Qxe6 58. Qf3 Qf6 59. Qf4 Qb2+ (59... Kg8 $142 60. Bd4 Qe6) 60. Kg3 Qb1 (60... Qb5 {was worth a try.} 61. Qf2 Qe5+ 62. Bf4 Qf6) 61. Kh4 Qd3 62. Bd4 Kg8 $2 (62... Qb1 $18 63. Kg5 Qb4 64. Qxf5+ Kh8) 63. Qe5 {[%emt 0:00:52][%csl Gd4][%cal Re5g7] White mates.} Kf7 64. Qxg7+ Ke6 65. Qe5+ Kf7 66. Qd5+ Ke8 67. Qe6+ Kf8 68. Qe3 Qb5 69. Kg5 Qd7 70. Qe5 Qb7 71. Qh8+ {[%emt 0:00:05] Weighted Error Value: White=0.62/Black=0.70.  Loses game:     	---       	Black=2      Missed win:     	White=3     	---        Mistake:       	White=3     	Black=12     Inaccurate:     	White=5     	Black=5      OK:         	White=17    	Black=14     Best:        	White=3     	Black=4      Strong:       	White=2     	---} 1-0

[Event "SixDays Budapest GM-B May 2024"]
[Site "Budapest"]
[Date "2024.05.19"]
[Round "6.4"]
[White "Borgaonkar Akshay"]
[Black "Fodor, Tamas Jr."]
[Result "1-0"]
[ECO "C95"]
[WhiteElo "2374"]
[BlackElo "2486"]
[Annotator "RC"]
[PlyCount "161"]
[EventDate "2024.05.15"]
[EventType "tourn"]
[EventCountry "HUN"]
[SourceTitle "playchess.com"]
[Source "ChessBase"]
[SourceQuality "1"]
[TimeControl "40/5400+30:1800+30"]

1. e4 e5 2. Nf3 Nc6 3. Bb5 a6 4. Ba4 Nf6 5. O-O Be7 6. Re1 b5 7. Bb3 d6 8. c3 O-O 9. h3 Nb8 10. d4 Nbd7 11. Nbd2 c5 12. Nf1 Re8 13. Ng3 Bf8 14. Bc2 g6 15. Bg5 Bg7 16. d5 c4 17. Qd2 Qc7 18. Rf1 Rb8 19. Bh6 Bh8 20. Nh2 Bg7 21. Kh1 Bxh6 22. Qxh6 Kh8 23. f4 Ng8 24. Qg5 f6 25. Qh4 exf4 26. Qxf4 Ne5 27. Nf3 Qe7 28. Ne2 Bd7 29. Qd2 Kg7 30. Nfd4 h5 31. Nf4 Qf7 32. a4 g5 33. Nfe6+ Bxe6 34. Nxe6+ Rxe6 35. dxe6 Qxe6 36. axb5 axb5 37. Ra6 Nf7 38. Qe2 Ne7 39. e5 Qxe5 40. Qxe5 Nxe5 41. Rxd6 Rf8 42. Rb6 Nd5 43. Rxb5 Ne3 44. Rb7+ Kg8 45. Bh7+ Kh8 46. Re1 Nd5 47. Be4 Nf4 48. Ra1 g4 49. Raa7 Rd8 50. Kh2 gxh3 51. gxh3 h4 52. Rh7+ Kg8 53. Rag7+ Kf8 54. Rh8+ Kxg7 55. Rxd8 Kf7 56. Rh8 Nfd3 57. Bd5+ Kg7 58. Rxh4 Nxb2 59. Kg3 Kg6 60. Rd4 Na4 61. Bxc4 Nxc3 62. Bf1 Kf5 63. Kf2 Ne4+ 64. Ke3 Ng3 65. Bb5 Kg5 66. Kf2 Nf5 67. Ra4 Kh6 68. Be2 Kg5 69. Ra8 Nh6 70. Bd1 Nd3+ 71. Kg2 Ne5 72. Bc2 f5 73. Ra5 Nc6 74. Ra6 Nb4 75. h4+ Kh5 76. Bd1+ Ng4 77. Bxg4+ fxg4 78. Ra4 Nc2 79. Kg3 Ne3 80. Ra5+ Kh6 81. Re5 1-0

[Event "SixDays Budapest GM-B May 2024"]
[Site "Budapest"]
[Date "2024.05.19"]
[Round "6.5"]
[White "Horvath, Adam"]
[Black "Lu, Maximillian"]
[Result "0-1"]
[ECO "B51"]
[WhiteElo "2448"]
[BlackElo "2373"]
[Annotator "TA"]
[PlyCount "136"]
[EventDate "2024.05.15"]
[EventType "tourn"]
[EventCountry "HUN"]
[SourceTitle "playchess.com"]
[Source "ChessBase"]
[SourceQuality "1"]
[TimeControl "40/5400+30:1800+30"]

1. e4 c5 2. Nf3 d6 3. Bb5+ Nd7 4. O-O a6 5. Be2 Ngf6 6. d3 {[%emt 0:00:07] B51: Sicilian: Moscow Variation (3 Bb5+) without 3...Bd7.} g6 7. c4 Bg7 8. Nc3 O-O 9. d4 cxd4 10. Nxd4 Nc5 11. f3 Qb6 12. Kh1 Be6 $146 ({Predecessor:} 12... Ne6 13. Nc2 Bd7 14. Rb1 Qa5 15. Be3 Rfc8 16. b4 Qd8 17. Nd5 Nxd5 18. exd5 Nf8 {½-½ Karthikeyan,M (2622)-Sethuraman,S (2619) MPL Indian Chess Tour N1 rapid 2022 (11)}) 13. Rb1 Rfc8 14. Be3 Qd8 15. b4 Ncd7 16. Nxe6 fxe6 17. Qb3 Kh8 18. Rbc1 Rc6 19. Rfd1 Qf8 20. Bf1 Bh6 21. Ne2 e5 22. Bxh6 Qxh6 23. Nc3 Rac8 24. Qb2 Nh5 25. Qf2 Ndf6 26. Nd5 Qf8 27. Kg1 Ng7 28. c5 dxc5 29. bxc5 (29. Rxc5 $16 Rxc5 30. bxc5) 29... Ne6 $11 30. Qb2 Nxc5 31. Rb1 Nfd7 32. Ne3 (32. a4 $1 $11) 32... b5 33. Rd2 (33. Ng4 $15) 33... Na4 $17 34. Qb4 Rd6 35. Rbd1 Rcc6 36. Rxd6 Rxd6 37. Rc1 Nab6 (37... Qd8 {is more complex.} 38. h4 Qb6 39. Rc8+ Kg7) 38. Qb2 Qb8 39. h4 Qf8 (39... h5 $17) 40. Qf2 Nf6 41. Rc5 Nbd7 42. Rc1 Nh5 ({Black should try} 42... Qb8 $17) 43. g3 (43. a4 $11 {remains equal.}) 43... Ng7 ({Better is} 43... Nhf6 $17) 44. Bh3 Ne6 (44... Nb6 $5) 45. Nd5 Nd4 46. Kg2 (46. f4 $11 {keeps the balance.}) 46... e6 $17 47. Ne3 {[%emt 0:00:46] [#]} (47. Nc7 $17 {is a better defense.}) 47... Nxf3 $1 $19 48. Rc2 {[%emt 0:00:40] [#]} Nd4 $1 49. Qxf8+ Nxf8 50. Rc8 Kg7 51. Ng4 Nd7 52. Rc7 Nc6 53. Ne3 Kf7 54. a4 Ke7 (54... bxa4 55. Nc4 Ke7 56. Rc8 $19) 55. axb5 axb5 56. Rb7 Rd2+ 57. Kf1 Nd4 58. Bg4 h5 59. Bd1 Kd6 60. Ke1 Rh2 61. g4 Nc5 62. Rb8 Nxe4 63. gxh5 Rh1+ 64. Nf1 gxh5 ({Not} 64... Rxh4 65. hxg6 Nf5 66. Rb7 $15) 65. Be2 Ng3 66. Bd3 e4 67. Kf2 exd3 68. Rd8+ Ke5 0-1